 Dungeon Crawl Stone Soup version 0.31-a0-198-g2ad674f65e (webtiles) character file.

Game seed: 9366963729415144343

3542 qw the Markself (level 9, -2/52 HPs)
             Began as a Deep Elf Hunter on June 25, 2023.
             Was a Follower of Okawaru.
             Slain by a slime creature (8 damage)
             ... on level 8 of the Dungeon.
             The game lasted 00:03:03 (6406 turns).

qw the Markself (Deep Elf Hunter)                   Turns: 6406, Time: 00:03:03

Health: -2/52      AC: 12    Str: 21    XL:     9   Next: 82%
Magic:  11/13      EV: 18    Int: 15    God:    Okawaru [*.....]
Gold:   373        SH:  0    Dex: 20    Spells: 8/8 levels left

rFire   . . .        f - +0 orcbow
rCold   + . .        (shield currently unavailable)
rNeg    . . .        g - +0 ring mail
rPois   .            (no helmet)
rElec   .            a - +1 cloak "Diefiqeo" {*Slow Str+2 Slay+3}
rCorr   .            i - +1 pair of gloves
SInv    .            b - +0 pair of boots of Hiaru {Str+3}
Will    .....        (no amulet)
Stlth   +++          d - ring of protection from cold
HPRegen 0.28/turn    n - +6 ring of strength
MPRegen 0.13/turn

%: slow self (1%)
@: heroic
A: no striking features
a: Renounce Religion, Heroism


You were on level 8 of the Dungeon.
You worshipped Okawaru.
Okawaru was aware of your devotion.
You visited 2 branches of the dungeon, and saw 9 of its levels.

You collected 373 gold pieces.


   Skills:
 - Level 4.2(9.2) Fighting
 + Level 15.4(20.4) Ranged Weapons
 - Level 2.3(7.3) Armour
 - Level 6.1(11.1) Dodging
 - Level 1.2(6.2) Stealth
 + Level 3.5 Invocations


You had 8 spell levels left.
You didn't know any spells.
Your spell library was empty.

Inventory:

Hand Weapons
 f - a +0 orcbow (weapon)
Armour
 a - the +1 cloak "Diefiqeo" (worn) {*Slow Str+2 Slay+3}
   (You acquired it on level 1 of the Dungeon)

   Str:       It affects your strength (+2).
   Slay:      It affects your accuracy & damage with ranged weapons and melee
   (+3).
   *Slow:     It may slow you when you take damage.
 b - the +0 pair of boots of Hiaru (worn) {Str+3}
   (You acquired it on level 6 of the Dungeon)

   Str:       It affects your strength (+3).
 g - a +0 ring mail (worn)
 i - a +1 pair of gloves (worn)
 l - a +2 robe of fire resistance
Jewellery
 d - a ring of protection from cold (left hand)
 n - a +6 ring of strength (right hand)
 o - a +5 ring of evasion
Scrolls
 c - 2 scrolls of identify
Potions
 e - 2 potions of curing
 h - a potion of lignification {unknown}
 j - a potion of might
 k - a potion of mutation
 m - a potion of attraction {unknown}

Dungeon Overview and Level Annotations

Branches:
Dungeon (8/15)             Temple (1/1) D:7
   Lair: D:8-11

Altars:
Cheibriados
Dithmenos
Elyvilon
Fedhas
Gozag
Hepliaklqana
Kikubaaqudgha
Makhleb
Nemelex Xobeh
Okawaru
Qazlal
Ru
Sif Muna
Trog
Uskayaw
Vehumet
Wu Jian
Xom
Yredelemnul
Zin
The Shining One

Annotations:
D:3 2 transporters


Message History

The slime creature hits you.
Your Invocations skill increases to level 3!
6396 ||| INVOKING Heroism.
You gain the combat prowess of a mighty hero.
The slime creature hits you but does no damage.
You shoot an arrow. The arrow hits the slime creature!
The slime creature is moderately wounded.
The slime creature barely misses you.
You shoot an arrow. The arrow hits the slime creature!!
The slime creature is heavily wounded.
The slime creature hits you but does no damage.
The slime creature misses you. The slime creature hits you!
You shoot an arrow.
The arrow completely misses the slime creature.
The slime creature hits you but does no damage.
The slime creature closely misses you. x2
You shoot an arrow. The arrow hits the slime creature.
The slime creature is severely wounded.
The slime creature barely misses you.
The slime creature hits you but does no damage. x2
You shoot an arrow.
The arrow barely misses the slime creature.
You shoot an arrow. The arrow hits the slime creature.
The slime creature is severely wounded.
The slime creature hits you. x2; The slime creature closely misses you.
You shoot an arrow. The arrow hits the slime creature!!
The slime creature is almost dead.
The slime creature misses you. The slime creature hits you!
The slime creature hits you.
You shoot an arrow. The arrow hits the slime creature!!
You kill the slime creature!
Okawaru accepts your kill. The slime creature misses you.
The slime creature hits you but does no damage.
You shoot an arrow. The arrow hits the slime creature.
The slime creature is lightly wounded.
You shoot an arrow.
The arrow barely misses the slime creature.
The slime creature misses you. The slime creature hits you!
You die...

#.....#.#####.## #....
#####...# #..####.).
##..######........
#............#...
#....#######.##..
#.............#..
########....#######.....
....>...........# ##....
.......@....###.####....
.......JJ...............
........######......####
.......(. #......# #
......... #......#
##.<.....# ##......####
##....... .............
.......# ###........##
#......#..#


You could see 2 slime creatures.

Vanquished Creatures
  2 slime creatures (D:8)
  A steam dragon (D:6)
  2 water moccasins
  4 sky beasts
  An orc warrior (D:7)
  3 ice beasts
  3 black bears
  An ogre (D:4)
  2 centaurs
  A phantom (D:3)
  4 kobold brigands
  A scorpion (D:4)
  An electric eel (D:7)
  4 jellies
  2 howler monkeys (D:8)
  A hound (D:6)
  6 orc priests
  A sleepcap (D:6)
  Ijyb (D:3)
  3 iguanas
  Natasha (thrice) (D:4)
  12 orc wizards
  10 adders
  2 white imps
  An ufetubus (D:4)
  A worm (D:4)
  3 dart slugs
  33 orcs
  5 ball pythons
  6 bats
  5 endoplasms
  6 giant cockroaches
  12 goblins
  8 hobgoblins
  2 jackals (D:4)
  15 kobolds
  5 quokkas
  A frilled lizard (D:1)
  3 rats
177 creatures vanquished.

Notes
Turn   | Place    | Note
-------+----------+-------------------------------------------
     0 | D:1      | qw the Deep Elf Hunter began the quest for the Orb.
     0 | D:1      | Reached XP level 1. HP: 12/12 MP: 3/3
     0 | D:1      | 0 ||| qw: Version: 0.3-a-22-g0ed2b0b
     0 | D:1      | 0 ||| qw: Game counter: 4994
     0 | D:1      | 0 ||| qw: Melee chars always use a shield: true
     0 | D:1      | 0 ||| qw: God list: Okawaru
     0 | D:1      | 0 ||| qw: Allow faded altars: false
     0 | D:1      | 0 ||| qw: Do Orc after clearing Dungeon:15 true
     0 | D:1      | 0 ||| qw: Do second Lair branch before Depths: true
     0 | D:1      | 0 ||| qw: Lair rune preference: random
     0 | D:1      | 0 ||| qw: Goals: Normal
     0 | D:1      | 0 ||| PLANNING D:1-11
   137 | D:1      | Reached XP level 2. HP: 16/16 MP: 4/4
   140 | D:1      | Reached skill level 6 in Ranged Weapons
   614 | D:1      | 614 ||| DROPPING scarf of invisibility.
   615 | D:1      | 615 ||| UPGRADING to +0 ring mail.
   625 | D:1      | 625 ||| DROPPING +0 leather armour.
   626 | D:1      | 626 ||| UPGRADING to ring of protection from cold.
   627 | D:1      | 627 ||| READING scroll labelled COOSHI JESIBEC.
   627 | D:1      | Identified a scroll of acquirement
   627 | D:1      | 627 ||| ACQUIRING +1 cloak "Diefiqeo" {*Slow Str+2 Slay+3}
   627 | D:1      | Acquired the +1 cloak "Diefiqeo" {*Slow Str+2 Slay+3}
   629 | D:1      | 629 ||| UPGRADING to +1 cloak "Diefiqeo" {*Slow Str+2
                  | Slay+3}.
   634 | D:1      | 634 ||| READING 2 scrolls labelled AGHUSH PESO.
   635 | D:1      | 635 ||| READING scroll labelled ZERHASKOGEZ.
   636 | D:1      | 636 ||| READING scroll labelled HEEMACW FIRITA.
   637 | D:1      | 637 ||| READING scroll labelled GORPHI ADUGI.
   640 | D:1      | 640 ||| DROPPING scroll of butterflies.
   641 | D:1      | 641 ||| DROPPING scroll of vulnerability.
   875 | D:2      | You fall into a shaft and drop 2 floors!
   878 | D:4      | Reached XP level 3. HP: 20/20 MP: 5/5
   890 | D:4      | Reached skill level 7 in Ranged Weapons
   897 | D:4      | Noticed a scorpion
   898 | D:4      | Noticed a black bear
   905 | D:4      | Killed a scorpion
   906 | D:4      | Reached skill level 8 in Ranged Weapons
   906 | D:4      | Reached XP level 4. HP: 18/25 MP: 6/6
   912 | D:4      | Killed a black bear
   913 | D:4      | Reached skill level 9 in Ranged Weapons
   913 | D:4      | Reached XP level 5. HP: 19/29 MP: 7/7
   987 | D:3      | 987 ||| READING scroll labelled UQEIFUITSAF.
   989 | D:3      | 989 ||| FLEEEEING.
   990 | D:3      | 990 ||| FLEEEEING.
   993 | D:3      | 993 ||| FLEEEEING.
   994 | D:3      | 994 ||| FLEEEEING.
   995 | D:3      | 995 ||| STAIRDANCE
  1428 | D:2      | 1428 ||| READING scroll labelled RIWODW POOCW.
  1549 | D:3      | Noticed a phantom
  1564 | D:3      | Killed a phantom
  1565 | D:3      | Reached skill level 3 in Dodging
  1565 | D:3      | Reached XP level 6. HP: 29/35 MP: 8/8
  1633 | D:3      | HP: 5/35 [orc priest/divine providence (14)]
  1837 | D:3      | Found a transporter.
  1839 | D:3      | 1839 ||| READING scroll labelled UDAAQI JAFU.
  1867 | D:3      | Found a transporter.
  1949 | D:3      | Noticed Ijyb
  1951 | D:3      | 1951 ||| FLEEEEING.
  1953 | D:3      | 1953 ||| FLEEEEING.
  1954 | D:3      | 1954 ||| FLEEEEING.
  1955 | D:3      | 1955 ||| FLEEEEING.
  1956 | D:3      | 1956 ||| FLEEEEING.
  1968 | D:3      | Killed Ijyb
  1991 | D:3      | 1991 ||| FLEEEEING.
  2296 | D:3      | 2296 ||| UPGRADING to +0 pair of gloves.
  2335 | D:4      | Noticed Natasha
  2337 | D:4      | Reached skill level 1 in Armour
  2344 | D:4      | Killed Natasha
  2345 | D:4      | Reached skill level 10 in Ranged Weapons
  2345 | D:4      | Reached XP level 7. HP: 19/40 MP: 9/9
  2345 | D:4      | 2345 ||| FLEEEEING.
  2346 | D:4      | 2346 ||| FLEEEEING.
  2347 | D:4      | 2347 ||| FLEEEEING.
  2348 | D:4      | 2348 ||| FLEEEEING.
  2349 | D:4      | 2349 ||| FLEEEEING.
  2350 | D:4      | 2350 ||| FLEEEEING.
  2351 | D:4      | 2351 ||| FLEEEEING.
  2352 | D:4      | 2352 ||| FLEEEEING.
  2353 | D:4      | 2353 ||| STAIRDANCE
  2582 | D:4      | Noticed Natasha
  2585 | D:4      | Killed Natasha
  2601 | D:4      | Noticed Natasha
  2604 | D:4      | Killed Natasha
  2641 | D:4      | Reached skill level 11 in Ranged Weapons
  2794 | D:4      | 2794 ||| READING scroll labelled JYMUN NUTO.
  2812 | D:5      | Entered Level 5 of the Dungeon
  2819 | D:5      | 2819 ||| STAIRDANCE
  2898 | D:5      | 2898 ||| STAIRDANCE
  2963 | D:5      | 2963 ||| STAIRDANCE
  3010 | D:5      | 3010 ||| STAIRDANCE
  3052 | D:5      | 3052 ||| STAIRDANCE
  3054 | D:4      | 3054 ||| DRINKING potion of curing.
  3054 | D:4      | 3054 ||| (to cure confusion)
  3119 | D:5      | Reached skill level 12 in Ranged Weapons
  3170 | D:5      | Reached XP level 8. HP: 45/45 MP: 10/10
  3190 | D:5      | 3190 ||| Stepping ~*~*~tactically~*~*~ (outnumbered).
  3204 | D:5      | Reached skill level 3 in Fighting
  3251 | D:5      | Found a glowing silver altar of Zin.
  3451 | D:5      | Found a white marble altar of Elyvilon.
  3451 | D:5      | Found a glowing golden altar of the Shining One.
  3510 | D:5      | 3510 ||| UPGRADING to +6 ring of strength.
  3511 | D:5      | 3511 ||| READING scroll labelled ZASHUZO OJ IWN.
  3591 | D:5      | 3591 ||| READING scroll labelled GEHEWN TAAJACI.
  3592 | D:5      | 3592 ||| READING 4 scrolls of identify.
  3592 | D:5      | 3592 ||| IDENTIFYING clear potion
  3593 | D:5      | 3593 ||| READING 3 scrolls of identify.
  3593 | D:5      | 3593 ||| IDENTIFYING orange potion
  3594 | D:5      | 3594 ||| READING 2 scrolls of identify.
  3594 | D:5      | 3594 ||| IDENTIFYING yellow potion
  3595 | D:5      | 3595 ||| DROPPING potion of degeneration.
  3651 | D:6      | Reached skill level 13 in Ranged Weapons
  3814 | D:6      | HP: 11/46 [steam dragon (4)]
  3815 | D:6      | 3815 ||| READING scroll of teleportation.
  3816 | D:6      | 3816 ||| DRINKING potion of heal wounds.
  3963 | D:6      | 3963 ||| READING scroll of acquirement.
  3963 | D:6      | 3963 ||| ACQUIRING +0 pair of boots of Hiaru {Str+3}
  3963 | D:6      | Acquired the +0 pair of boots of Hiaru {Str+3}
  3965 | D:6      | 3965 ||| UPGRADING to +0 pair of boots of Hiaru {Str+3}.
  4007 | D:6      | 4007 ||| READING scroll of enchant armour.
  4007 | D:6      | 4007 ||| ENCHANTING +0 pair of gloves.
  4098 | D:6      | Found a stormy altar of Qazlal.
  4098 | D:6      | Found a shimmering blue altar of Sif Muna.
  4147 | D:6      | 4147 ||| Stepping ~*~*~tactically~*~*~ (cloud).
  4348 | D:6      | 4348 ||| Stepping ~*~*~tactically~*~*~ (outnumbered).
  4453 | D:6      | 4453 ||| READING 2 scrolls labelled GAKLUI EDUNOLIB.
  4454 | D:6      | 4454 ||| READING scroll labelled KECANUASIW.
  4455 | D:6      | 4455 ||| READING 2 scrolls of identify.
  4455 | D:6      | 4455 ||| IDENTIFYING lumpy pink potion
  4456 | D:6      | 4456 ||| DROPPING scroll of poison.
  4458 | D:6      | 4458 ||| Stepping ~*~*~tactically~*~*~ (cloud).
  4561 | D:7      | 4561 ||| STAIRDANCE
  4685 | D:7      | 4685 ||| FLEEEEING.
  4686 | D:7      | 4686 ||| FLEEEEING.
  4691 | D:7      | 4691 ||| STAIRDANCE
  4717 | D:7      | 4717 ||| STAIRDANCE
  4781 | D:7      | 4781 ||| STAIRDANCE
  4904 | D:7      | Reached skill level 14 in Ranged Weapons
  4904 | D:7      | Reached XP level 9. HP: 41/50 MP: 11/11
  4981 | D:7      | Found a staircase to the Ecumenical Temple.
  4982 | D:7      | 4982 ||| PLANNING TEMPLE
  4990 | Temple   | Entered the Ecumenical Temple
  4991 | Temple   | 4991 ||| PLANNING OKAWARU WORSHIP
  5057 | Temple   | Became a worshipper of Warmaster Okawaru
  5058 | Temple   | 5058 ||| PLANNING D:1-11
  5079 | D:7      | Found a hazy altar of Hepliaklqana.
  5113 | D:7      | Reached skill level 6 in Dodging
  5376 | D:7      | 5376 ||| SWAPPING to +0 orcbow.
  5380 | D:7      | 5380 ||| DROPPING +1 shortbow.
  5419 | D:8      | 5419 ||| STAIRDANCE
  5530 | D:8      | 5530 ||| STAIRDANCE
  5543 | D:7      | HP: 8/51 [sky beast (5)]
  5546 | D:7      | Reached * piety under Okawaru
  5547 | D:7      | 5547 ||| INVOKING Heroism.
  5549 | D:7      | HP: 7/51 [orc priest/+0 flail (3)]
  5713 | D:8      | 5713 ||| STAIRDANCE
  5786 | D:8      | 5786 ||| STAIRDANCE
  5865 | D:8      | 5865 ||| STAIRDANCE
  5996 | D:8      | Reached skill level 1 in Invocations
  6022 | D:8      | Found a burning altar of Makhleb.
  6061 | D:8      | Reached skill level 15 in Ranged Weapons
  6116 | D:8      | 6116 ||| INVOKING Heroism.
  6121 | D:8      | 6121 ||| Stepping ~*~*~tactically~*~*~ (outnumbered).
  6183 | D:8      | 6183 ||| Stepping ~*~*~tactically~*~*~ (outnumbered).
  6194 | D:8      | 6194 ||| Stepping ~*~*~tactically~*~*~ (outnumbered).
  6396 | D:8      | Reached skill level 3 in Invocations
  6396 | D:8      | 6396 ||| INVOKING Heroism.
  6403 | D:8      | HP: 11/52 [slime creature (9)]
  6403 | D:8      | HP: 5/52 [slime creature (6)]
  6406 | D:8      | Slain by a slime creature

Levels and vault maps discovered:
D:1:      lemuel_arrival_behind_the_door_small, layout_basic
D:2:      layout_loops_ring
D:3:      gammafunk_steamed_eel, layout_basic, roderic_three_in_a_row,
          nicolae_concentric_dashed_squares_wild, uniq_ijyb
D:4:      layout_rooms, minmay_goblin_outpost, uniq_natasha
D:5:      layout_rooms, dreamdust_divine_triumvirate
D:6:      layout_loops_ring, gammafunk_temple_overflow_pools
D:7:      layout_cave_pools, lemuel_round_altar,
          minmay_temple_entry_drinking_statues, serial_park, serial_park_paths
          [serial_park_minivault_5x5_7], serial_park_square3
          [serial_park_minivault_5x5_4], serial_park_tiny_pond,
          minmay_statues_item
D:8:      layout_rooms, mainiacjoe_overflow_24_doors, uniq_maggie
Temple:   eino_temple_lava

Skill      XL: |  1  2  3  4  5  6  7  8  9 |
---------------+----------------------------+-----
Ranged Weapons | 6 8 9 10 12 14 15 | 15.4
Fighting       | 2 3 4 |  4.2
Dodging        | 3 4 5 6 |  6.1
Armour         | 1 2 |  2.3
Invocations    | 3 |  3.5
Stealth        | |  1.2

Action                     |  1- 3 |  4- 6 |  7- 9 || total
---------------------------+-------+-------+-------++-------
   Fire: Shortbow          |    76 |   124 |   290 ||   490
         Orcbow            |       |       |   157 ||   157
 Invoke: Heroism           |       |       |     3 ||     3
    Use: Scroll            |     5 |     3 |    12 ||    20
         Potion            |       |       |     2 ||     2
 Armour: Ring mail         |     9 |    16 |   112 ||   137
         Leather armour    |     1 |       |       ||     1
  Dodge: Dodged            |    20 |    33 |   193 ||   246

Table legend:
 A = Non-vault XP
 B = Vault XP
 C = Vault XP percentage of total XP
 D = Non-vault monster count
 E = Vault monster count
 F = Vault count percentage of total count
                 A         B        C        D         E       F
            +---------+---------+-------+---------+---------+-------
      Total |    4712 |     349 |   6.9 |     161 |      16 |   9.0
            +---------+---------+-------+---------+---------+-------
        D:1 |      27 |       0 |   0.0 |      13 |       0 |   0.0
        D:2 |      44 |       0 |   0.0 |      12 |       0 |   0.0
        D:3 |     253 |      36 |  12.5 |      29 |       1 |   3.3
        D:4 |     903 |      57 |   5.9 |      37 |      12 |  24.5
        D:5 |     608 |       0 |   0.0 |      15 |       0 |   0.0
        D:6 |     551 |     256 |  31.7 |      15 |       3 |  16.7
        D:7 |    1018 |       0 |   0.0 |      22 |       0 |   0.0
        D:8 |    1308 |       0 |   0.0 |      18 |       0 |   0.0
            +---------+---------+-------+---------+---------+-------
